 Dungeon Crawl Stone Soup version 0.28-a0-410-gbef64dd (webtiles) character file.

Game seed: 10254093869358194999

446000 Sixotanaka the Englaciator (level 24, -17/174 HPs)
             Began as a Merfolk Ice Elementalist on Sept 6, 2021.
             Was the Champion of Vehumet.
             Killed from afar by a tengu reaver (39 damage)
             ... with a bolt of lightning
             ... on level 5 of the Vaults.
             The game lasted 05:15:55 (67440 turns).

Sixotanaka the Englaciator (MfIE)                  Turns: 67440, Time: 05:15:56

Health: -17/174    AC: 27    Str: 13    XL:     24   Next: 20%
Magic:  19/40      EV: 20    Int: 24    God:    Vehumet [******]
Gold:   3810       SH: 15    Dex: 14    Spells: 7/49 levels left

rFire   + . .      SeeInvis +   a - +9 dagger (elec)
rCold   . . .      Faith    .   X - +3 buckler {rN+}
rNeg    + . .      Spirit   .   I - +3 troll leather armour {Snorg}
rPois   .          Reflect  +   V - +2 helmet {SInv}
rElec   .          Harm     .   Q - +0 cloak
rCorr   .          Rampage  .   W - +2 pair of gloves {Str+3}
Will    +....                   F - +0 pair of boots
Stlth   ++........              j - amulet of reflection
HPRegen 1.39/turn               f - ring of protection from fire
MPRegen 0.27/turn               c - +4 ring of protection

@: ice-armoured, corroded
A: (nimble swimmer 2), mertail
}: 2/15 runes: decaying, gossamer
a: Renounce Religion


You were on level 5 of the Vaults.
You worshipped Vehumet.
Vehumet was exalted by your worship.
You visited 8 branches of the dungeon, and saw 39 of its levels.
You visited the Abyss 1 time.
You also visited: Ice Cave and Wizlab.

You collected 6038 gold pieces.
You spent 2228 gold pieces at shops.

Inventory:

Hand Weapons
 a - a +9 dagger of electrocution (weapon)
 D - a +1 vampiric rapier
Armour
 t - a +2 robe of positive energy
 x - a +2 robe of willpower
 F - a +0 pair of boots (worn)
 I - a +3 troll leather armour (worn) {Snorg}
 Q - a +0 cloak (worn)
 V - a +2 helmet of see invisible (worn)
 W - a +2 pair of gloves of strength (worn)
 X - a +3 buckler of positive energy (worn)
Magical Staves
 b - a staff of cold
 r - a staff of conjuration
Jewellery
 c - a +4 ring of protection (right hand)
 f - a ring of protection from fire (left hand)
 j - an amulet of reflection (around neck)
 o - a ring of resist corrosion
 s - a ring of protection from cold
 C - the ring "Biuwuff" {rN+ rCorr Str+2}
   (You took it off a yaktaur captain on level 5 of the Vaults)

   [ring of positive energy]

   Str:       It affects your strength (+2).
   rN:        It protects you from negative energy.
   rCorr:     It protects you from acid and corrosion.
 H - a ring of poison resistance
 M - a ring of willpower
 N - a ring of flight
Wands
 u - a wand of digging (11)
 w - a wand of paralysis (19)
 z - a wand of flame (21)
 E - a wand of mindburst (31)
 G - a wand of iceblast (65)
 K - a wand of polymorph (4)
 R - a wand of acid (40)
Scrolls
 d - 22 scrolls of identify
 g - 7 scrolls of summoning
 h - 11 scrolls of teleportation
 k - 9 scrolls of fog
 n - 9 scrolls of enchant armour
 p - 5 scrolls of magic mapping
 v - 3 scrolls of silence
 L - 11 scrolls of immolation
 O - a scroll of holy word
 P - 3 scrolls of amnesia
 T - 10 scrolls of vulnerability
 Y - 2 scrolls of torment
Potions
 e - 2 potions of magic
 i - 19 potions of curing
 l - 12 potions of ambrosia
 m - 6 potions of resistance
 q - 11 potions of might
 y - 3 potions of brilliance
 A - 12 potions of lignification
 B - 5 potions of berserk rage
 J - 2 potions of haste
 S - 3 potions of flight
 U - 2 potions of cancellation
 Z - 4 potions of heal wounds


   Skills:
 + Level 10.8 Fighting
 - Level 10.0 Short Blades
 - Level 5.0 Armour
 - Level 18.0 Dodging
 - Level 2.1 Stealth
 - Level 11.9 Shields
 - Level 13.0 Spellcasting
 + Level 15.2 Conjurations
 - Level 4.0 Translocations
 O Level 27 Ice Magic


You had 7 spell levels left.
You knew the following spells:

 Your Spells              Type           Power      Damage    Failure   Level
a - Freezing Cloud        Conj/Ice/Air   35%        6-21      1%          5
b - Frozen Ramparts       Ice            100%       1d12      0%          3
c - Ozocubu's Armour      Ice            98%        N/A       0%          3
d - Polar Vortex          Ice            49%        N/A       2%          9
e - Mephitic Cloud        Conj/Pois/Air  40%        N/A       1%          3
f - Iskenderun's Mystic   Conj/Tloc      58%        2d12      1%          4
g - Fireball              Conj/Fire      25%        3d11      1%          5
h - Teleport Other        Tloc           34%        N/A       2%          3
i - Orb of Destruction    Conj           36%        9d13      2%          7

Your spell library contained the following spells:

 Spells                   Type           Power      Damage    Failure   Level
 Lehudib's Crystal Spear  Conj/Erth      25%        10d7      96%         8
 Maxwell's Capacitive Co  Air            7%         ∞         100%        8
 Shatter                  Erth           7%         3d10*     100%        9
 Freeze                   Ice            100%       1d11      0%          1
 Magic Dart               Conj           100%       1d8       0%          1
 Searing Ray              Conj           100%       3d7       0%          2
 Hailstorm                Conj/Ice       87%        3d17      0%          4
 Foxfire                  Conj/Fire      100%       2x1d9     1%          1
 Sandblast                Erth           30%        2d9       1%          1
 Ensorcelled Hibernation  Hex/Ice        100%       N/A       1%          2
 Poisonous Vapours        Pois/Air       30%        N/A       1%          2
 Conjure Flame            Conj/Fire      51%        6-21      1%          3
 Stone Arrow              Conj/Erth      100%       3d13      1%          3
 Flame Wave               Conj/Fire      51%        3d10      1%          4
 Fulminant Prism          Conj/Hex       25%        3d14      1%          4
 Summon Ice Beast         Ice/Summ       69%        N/A       1%          4
 Metabolic Englaciation   Hex/Ice        34%        N/A       1%          5
 Ozocubu's Refrigeration  Ice            49%        4d14      1%          7
 Gell's Gravitas          Tloc           17%        N/A       2%          3
 Simulacrum               Ice/Necr       34%        N/A       2%          6
 Beastly Appendage        Tmut           30%        N/A       4%          1
 Summon Small Mammal      Summ           60%        N/A       4%          1
 Inner Flame              Hex/Fire       15%        N/A       4%          3
 Portal Projectile        Hex/Tloc       50%        N/A       6%          3
 Call Imp                 Summ           15%        N/A       7%          2
 Corpse Rot               Necr/Air       N/A        N/A       7%          2
 Passwall                 Tmut/Erth      12%        N/A       7%          2
 Sublimation of Blood     Necr           7%         N/A       7%          2
 Wereblood                Tmut           15%        N/A       7%          2
 Passage of Golubria      Tloc           N/A        N/A       9%          4
 Olgreb's Toxic Radiance  Pois           15%        N/A       13%         4
 Call Canine Familiar     Summ           15%        N/A       14%         3
 Spider Form              Tmut/Pois      7%         N/A       14%         3
 Summon Guardian Golem    Hex/Summ       15%        N/A       14%         3
 Tukima's Dance           Hex            15%        N/A       14%         3
 Lee's Rapid Deconstruct  Erth           7%         3d8*      32%         5
 Yara's Violent Unravell  Hex/Tmut       7%         3d5       32%         5
 Spellforged Servitor     Conj/Summ      25%        N/A       41%         7
 Dispel Undead            Necr           15%        3d10      43%         4
 Petrify                  Tmut/Erth      15%        N/A       43%         4
 Blade Hands              Tmut           7%         N/A       78%         5
 Excruciating Wounds      Necr           7%         N/A       78%         5
 Dispersal                Tloc           17%        N/A       80%         6
 Death Channel            Necr           7%         N/A       100%        6
 Statue Form              Tmut/Erth      10%        N/A       100%        6
 Summon Hydra             Summ           7%         N/A       100%        7
 Borgnjor's Revivificati  Necr           7%         N/A       100%        8
 Ignition                 Fire           7%         3d5       100%        8
 Necromutation            Tmut/Necr      7%         N/A       100%        8
 Death's Door             Necr           7%         N/A       100%        9


Dungeon Overview and Level Annotations

Branches:
Dungeon (15/15)            Temple (0/1) D:7            Lair (6/6) D:11
  Swamp (4/4) Lair:4       Spider (4/4) Lair:4        Slime (0/5) Lair:5
    Orc (2/2) D:12            Elf (1/3) Orc:2        Vaults (5/5) D:13
  Crypt (0/3) Vaults:2     Depths (2/5) D:15          IceCv (visited)
 WizLab (visited)

Altars:
Elyvilon
Fedhas
Gozag
Hepliaklqana
Kikubaaqudgha
Ru
Sif Muna
Trog
Uskayaw
Vehumet
Wu Jian
Zin
The Shining One
Beogh
Jiyva

Shops:
D:2 *   D:15 (   Orc:1 (   Orc:2 *:?[*   Vaults:2 !   Vaults:3 (

Portals:
Hell: Depths:1 Depths:2
Abyss: Lair:3
Trove: D:14 (show slimy rune of Zot)

Annotations:
D:3 3 runed translucent doors, Dega's ghost, amateur OpFi; Sigmund; kinikunnakayama's ghost, amateur NaBr
D:11 exclusion: 3 ice statues
Lair:3 2 transporters, Wysofy's ghost, journeyman DEFE


Innate Abilities, Weirdness & Mutations

((You are quick and stealthy near water. (Stealth+, EV+, Speed+++)))
Your lower body shifts to a powerful aquatic tail in water.


Message History

You hit the tengu reaver.
Lightning courses through the tengu reaver!
The tengu reaver is heavily wounded.
You feel very sick. The tengu reaver blocks your attack.
The tengu reaver is heavily wounded.
You feel sick.
The tengu reaver hits you with a +0 long sword!!
The tengu reaver pecks you but does no damage.
The tengu reaver claws you but does no damage.
You closely miss the tengu reaver.
The tengu reaver is heavily wounded.
You feel sick.
Casting: Ozocubu's Armour (safe; 0% risk of failure)
Confirm with . or Enter, or press ? or * to list all spells.
Aiming: Orb of Destruction (dangerous; 2% risk of failure)
Press: ? - help, Shift-Dir - straight line, f/p - tengu reaver
Aim: a tengu reaver, wielding a +0 long sword, wearing a +0 ring mail and wearing a +0 buckler of protection (heavily wounded)
The wavering orb of destruction weakly hits the tengu reaver!!
The tengu reaver is severely wounded.
You feel very sick.
The tengu reaver gestures at you while chanting.
The bolt of acid hits you!!
* * * LOW HITPOINT WARNING * * *
The acid corrodes you!
Casting: Orb of Destruction (dangerous; 2% risk of failure)
Confirm with . or Enter, or press ? or * to list all spells.
Aiming: Orb of Destruction (dangerous; 2% risk of failure)
Press: ? - help, Shift-Dir - straight line, f/p - tengu reaver
Aim: a tengu reaver, wielding a +0 long sword, wearing a +0 ring mail and wearing a +0 buckler of protection (severely wounded)
You feel sick.
The tengu reaver points at you and mumbles some strange words.
The bolt of poison hits you!!
You are more poisoned.
* * * LOW HITPOINT WARNING * * *
Okay, then.
You feel better.
The tengu reaver points at you and mumbles some strange words.
The bolt of lightning hits you!!!
You die...

##########
#*....... #☼.....
#○Q..###### ##
#.○@..#.#.# #.
#..#.#.#.# #.#
#..##.#.# .#.#.
#..#.#.# ##.###
#..##.## #.#.#
#..#.#.# ###...##
#..##.##
##.......
#..#.#.#
##.=......
##.#####.....}...


You could see a tengu reaver (ally target).

Vanquished Creatures
  A dread lich (Vaults:2)
  2 ancient liches
  Sojobo (Vaults:5)
  the Lernaean hydra (Swamp:3)
  Margery (Vaults:5)
  A golden dragon (Vaults:5)
  Nikola (Depths:2)
  2 tentacled monstrosities
  An Ice Fiend (IceCv)
  A lich (Abyss:2)
  2 titans (Vaults:5)
  Mlioglotl (Lair:4)
  2 thorn hunters (Swamp:3)
  Frances (Elf:1)
  3 ancient champions (WizLab)
  7 sphinxes
  A tentacled starspawn (Abyss:2)
  A storm dragon (Vaults:4)
  4 tengu reavers
  3 shadow dragons (Vaults:5)
  A fire giant (Vaults:4)
  A frost giant (Vaults:4)
  4 ghost moths
  A deep elf sorcerer (Vaults:5)
  Aizul (Depths:1)
  12 vault wardens
  An orc warlord (Vaults:3)
  3 emperor scorpions
  An iron dragon (Vaults:5)
  18 ironbound preservers
  Louise (D:15)
  17 very ugly things
  14 stone giants
  The ghost of Hoiwu Muag the Protected, a journeyman MiFi of Wu Jian (Lair:4)
  A deep elf demonologist (Vaults:5)
  8 bunyips
  6 entropy weavers
  2 deep elf annihilators
  A spark wasp (Spider:4)
  4 dire elephants (Vaults:1)
  6 eleionomae
  A merfolk javelineer (Depths:2)
  2 jiangshi (Vaults:2)
  Snorg (Lair:6)
  11 ettins
  2 shambling mangroves
  A deep elf high priest (Vaults:5)
  3 fire dragons
  3 ironbound thunderhulks
  27 hydras
  5 rakshasas
  17 yaktaur captains
  A spriggan air mage (Depths:2)
  30 vault guards
  A peacekeeper (Vaults:4)
  5 great orbs of eyes
  An ogre mage (Vaults:4)
  2 ice dragons
  A ghost crab (Swamp:3)
  Harold (Lair:1)
  17 centaur warriors
  5 boulder beetles
  2 caustic shrike simulacra (IceCv)
  10 two-headed ogres
  5 deep troll shamans
  4 ironbound frosthearts
  A death knight (D:15)
  2 catoblepae
  5 alligators
  7 deep troll earth magi
  6 tengu warriors
  4 death yaks (Lair:6)
  2 dancing weapons (Elf:1)
  5 orc high priests (Orc:2)
  2 thrashing horrors (Abyss:2)
  5 ironbound beastmasters
  6 hell knights
  Sonja (D:10)
  A spriggan berserker (Depths:2)
  4 deep elf knights (Elf:1)
  8 spriggans
  5 iron trolls
  5 goliath frogs
  53 deep trolls
  14 skeletal warriors
  A death drake (Swamp:3)
  A glowing orange brain (Depths:1)
  14 swamp dragons
  11 lindwurms
  7 spriggan druids
  A tengu zombie (Abyss:2)
  20 ironbound convokers
  4 phantasmal warriors
  A flayed ghost (Depths:2)
  An obsidian statue (IceCv)
  12 orc knights
  3 bog bodies
  3 deep elf archers (Elf:1)
  15 deep elf pyromancers
  5 harpies
  3 orc sorcerers
  10 wizards
  9 deep elf zephyrmancers (Elf:1)
  26 wolf spiders
  Pikel (D:6)
  5 necromancers
  13 orb spiders
  17 cyclopes
  40 ugly things
  An oklob plant (Swamp:3)
  5 will-o-the-wisps
  3 manticores
  A moth of wrath (Spider:4)
  30 elephants
  18 vault sentinels
  A smoke demon (Abyss:2)
  A spriggan zombie (Abyss:2)
  2 torpor snails (Spider:2)
  6 black mambas
  16 cane toads
  3 unseen horrors
  42 yaktaurs
  9 komodo dragons
  14 demonic crawlers
  2 efreet (D:15)
  5 freezing wraiths
  8 entropy weaver simulacra (IceCv)
  A kobold demonologist (D:13)
  An anaconda simulacrum (IceCv)
  7 ice devils (IceCv)
  3 tengu conjurers
  3 bloated husks
  35 jumping spiders
  6 trolls
  A merfolk (shapeshifter) (Vaults:5)
  22 hornets
  A meliai (D:13)
  7 tyrant leeches
  13 blink frogs
  35 slime creatures
  5 polar bears
  5 dream sheep (Lair:6)
  5 small abominations
  A centaur simulacrum (D:15)
  A flying skull (Vaults:2)
  5 vampires
  4 wyverns
  A shadow (Abyss:3)
  4 wraiths
  76 redbacks
  33 tarantellas
  7 spriggan simulacra (IceCv)
  4 water elementals
  67 yaks
  A dire elephant simulacrum (IceCv)
  A chaos spawn (Abyss:3)
  10 vampire mosquitoes
  9 basilisks
  A steam dragon (D:10)
  8 minotaur simulacra (IceCv)
  3 harpy simulacra (IceCv)
  14 swamp worms
  3 wargs (Orc:1)
  5 two-headed ogre zombies (WizLab)
  2 acid dragons
  A hell hound (Abyss:2)
  A hydra simulacrum (IceCv)
  8 water moccasins
  Duvessa (D:7)
  3 large abominations (Abyss:2)
  4 swamp drakes
  12 ice beasts
  36 orc warriors
  3 alligator simulacra (IceCv)
  A sky beast (D:8)
  2 black bears (D:11)
  A necrophage (D:8)
  16 ogres
  13 centaurs
  20 wolves
  2 phantoms
  Blork the orc (D:5)
  5 kobold brigands
  14 bullfrogs
  2 gnoll sergeants
  A scorpion (D:6)
  6 deep troll simulacra (IceCv)
  Dowan (D:7)
  8 troll zombies (WizLab)
  A lindwurm simulacrum (IceCv)
  8 killer bees
  7 wights
  2 vampire bats (D:14)
  2 electric eels (Spider:3)
  3 howler monkeys
  A lava snake (D:15)
  A bullfrog zombie (D:6)
  3 centaur zombies
  2 hounds
  35 orc priests
  3 jellies (D:4)
  4 centaur skeletons
  A bullfrog skeleton (D:6)
  3 iguanas
  21 orc wizards
  2 scorpion zombies (D:5)
  A killer bee zombie (D:7)
  5 ogre zombies (WizLab)
  A hound zombie (D:3)
  2 howler monkey zombies
  10 gnolls
  6 adders
  2 white imps
  2 adder skeletons (D:3)
  2 adder zombies (D:3)
  A worm (D:3)
  2 dart slugs (D:1)
  79 orcs
  8 ball pythons
  4 bat skeletons (D:14)
  A bat zombie (D:14)
  9 endoplasms
  6 giant cockroaches
  5 goblins
  10 hobgoblins
  7 jackals
  3 quokkas
  7 bats
  A frilled lizard (D:1)
  A giant cockroach zombie (D:3)
  23 kobolds
  5 rats
  2 bushes
1701 creatures vanquished.

Vanquished Creatures (collateral kills)
  A water elemental (Elf:1)
1 creature vanquished.

Vanquished Creatures (others)
  A ghost moth (Spider:4)
  A deep troll (Vaults:4)
  2 bloated husks
  A tarantella (Spider:4)
  A swamp drake (Swamp:4)
  An ice beast (D:7)
  4 bushes (Lair:6)
  10 foxfires
  69 fungi
  74 plants
  5 starspawn tentacles
  A withered plant (D:3)
170 creatures vanquished.

Grand Total: 1872 creatures vanquished

Notes
Turn   | Place    | Note
-------+----------+-------------------------------------------
     0 | D:1      | Sixotanaka the Merfolk Ice Elementalist began the quest for
                  | the Orb.
     0 | D:1      | Reached XP level 1. HP: 13/13 MP: 3/3
   160 | D:1      | Reached XP level 2. HP: 18/19 MP: 1/5
   305 | D:1      | Reached skill level 5 in Ice Magic
   601 | D:1      | Reached XP level 3. HP: 19/24 MP: 2/6
  1235 | D:2      | Found a faded altar of an unknown god.
  1331 | D:2      | Found Xiclam's Assorted Antiques.
  1379 | D:2      | Learned a level 3 spell: Frozen Ramparts
  1562 | D:2      | Reached skill level 6 in Ice Magic
  1721 | D:2      | Reached XP level 4. HP: 30/30 MP: 5/7
  1869 | D:2      | Learned a level 3 spell: Ozocubu's Armour
  2250 | D:3      | Found an ancient bone altar of Kikubaaqudgha.
  2284 | D:3      | Found a runed translucent gate.
  2285 | D:3      | Found a runed translucent gate.
  2286 | D:3      | Found a runed translucent gate.
  2287 | D:3      | Noticed kinikunnakayama's ghost (amateur NaBr)
  2287 | D:3      | Noticed Dega's ghost (amateur OpFi)
  2302 | D:3      | Found a radiant altar of Vehumet.
  2435 | D:3      | Became a worshipper of Vehumet
  2480 | D:3      | Noticed Sigmund
  2691 | D:3      | Reached skill level 1 in Short Blades
  2883 | D:3      | Found a hide-covered altar of Uskayaw.
  2917 | D:3      | Reached XP level 5. HP: 35/35 MP: 4/8
  3037 | D:3      | Found a shimmering blue altar of Sif Muna.
  3107 | D:4      | Noticed an ogre
  3108 | D:4      | Found a glowing silver altar of Zin.
  3120 | D:3      | Killed an ogre
  3206 | D:4      | Reached skill level 7 in Ice Magic
  3206 | D:4      | Reached XP level 6. HP: 41/41 MP: 6/9
  4020 | D:4      | Reached XP level 7. HP: 5/46 MP: 0/10
  4486 | D:4      | Reached skill level 5 in Short Blades
  4486 | D:4      | Reached skill level 8 in Ice Magic
  4971 | D:5      | Entered Level 5 of the Dungeon
  5202 | D:5      | Reached * piety under Vehumet
  5202 | D:5      | Offered knowledge of Magic Dart by Vehumet.
  5437 | D:5      | Reached skill level 9 in Ice Magic
  5681 | D:5      | Reached XP level 8. HP: 52/52 MP: 11/11
  5783 | D:5      | Noticed Blork the orc
  5805 | D:5      | Killed Blork the orc
  5806 | D:5      | Reached skill level 10 in Ice Magic
  5963 | D:5      | Found a hazy altar of Hepliaklqana.
  5964 | D:5      | Found a faded altar of an unknown god.
  6435 | D:6      | Reached skill level 1 in Shields
  6436 | D:6      | Noticed Pikel
  6454 | D:6      | Killed Pikel
  6570 | D:6      | Reached skill level 11 in Ice Magic
  6570 | D:6      | Reached XP level 9. HP: 44/57 MP: 12/12
  7485 | D:6      | Offered knowledge of Foxfire by Vehumet.
  7500 | D:6      | Learned a level 4 spell: Hailstorm
  7669 | D:6      | Reached ** piety under Vehumet
  7936 | D:7      | Reached skill level 12 in Ice Magic
  8058 | D:7      | Noticed Duvessa
  8075 | D:7      | Noticed Dowan
  8087 | D:7      | Killed Duvessa
  8637 | D:7      | Killed Dowan
  8754 | D:7      | Found a staircase to the Ecumenical Temple.
  8933 | D:8      | Reached XP level 10. HP: 28/63 MP: 13/13
  9146 | D:8      | Found a blossoming altar of Fedhas.
  9204 | D:8      | Identified the +5 war axe "Biadd" {elec, rPois Will+}
  9466 | D:8      | Reached skill level 10 in Short Blades
  9602 | D:8      | Found an ornate altar of the Wu Jian Council.
  9603 | D:8      | Found an opulent altar of Gozag.
  9982 | D:9      | Found a bloodstained altar of Trog.
 10071 | D:9      | Found a glowing golden altar of the Shining One.
 10201 | D:9      | Noticed a two-headed ogre
 10332 | D:9      | Killed a two-headed ogre
 10333 | D:9      | Reached skill level 5 in Dodging
 10597 | D:9      | Noticed a two-headed ogre
 10614 | D:9      | Killed a two-headed ogre
 10975 | D:9      | Found a sacrificial altar of Ru.
 11050 | D:9      | Offered knowledge of Dazzling Flash by Vehumet.
 11066 | D:9      | Reached skill level 5 in Spellcasting
 11135 | D:10     | Entered Level 10 of the Dungeon
 11163 | D:10     | Noticed Sonja
 11195 | D:10     | Found a white marble altar of Elyvilon.
 11275 | D:10     | You fall into a shaft and drop 2 floors!
 11275 | D:12     | Noticed a boulder beetle
 11287 | D:12     | Killed an unseen horror
 11306 | D:12     | HP: 1/63 [boulder beetle (12)]
 11308 | D:12     | Killed a boulder beetle
 11309 | D:12     | Reached XP level 11. HP: 2/68 MP: 18/18
 12298 | D:10     | Reached skill level 10 in Dodging
 12475 | D:10     | Killed Sonja
 13040 | D:11     | Noticed a manticore
 13277 | D:10     | Reached skill level 1 in Fighting
 13277 | D:10     | Reached skill level 1 in Conjurations
 13384 | D:11     | Reached *** piety under Vehumet
 13648 | D:11     | Found a staircase to the Lair.
 13681 | D:11     | Noticed a skeletal warrior
 13721 | D:11     | Killed a skeletal warrior
 13721 | D:11     | Offered knowledge of Mephitic Cloud by Vehumet.
 13731 | D:11     | Learned a level 3 spell: Mephitic Cloud
 13741 | Lair:1   | Entered Level 1 of the Lair of Beasts
 13778 | Lair:1   | Reached skill level 1 in Armour
 14137 | Lair:1   | Reached skill level 5 in Conjurations
 14155 | Lair:1   | Reached XP level 12. HP: 59/84 MP: 19/19
 14278 | Lair:1   | Reached skill level 5 in Fighting
 14352 | Lair:1   | Reached **** piety under Vehumet
 14547 | Lair:1   | Noticed Harold
 14559 | Lair:1   | Killed Harold
 14659 | Lair:1   | Offered knowledge of Iskenderun's Battlesphere by Vehumet.
 15602 | Lair:3   | Noticed a five-headed hydra
 15703 | Lair:4   | Noticed a six-headed hydra
 15958 | Lair:3   | Found a transporter.
 15987 | Lair:3   | Found a transporter.
 15987 | Lair:3   | Noticed a rakshasa
 16097 | Lair:3   | Reached XP level 13. HP: 87/98 MP: 20/20
 16369 | Lair:3   | Found a one-way gate to the infinite horrors of the Abyss.
 16369 | Lair:3   | Noticed Wysofy's ghost (journeyman DEFE)
 16485 | Lair:3   | Reached ***** piety under Vehumet
 16489 | Lair:3   | Offered knowledge of Airstrike by Vehumet.
 16862 | Lair:4   | Found a staircase to the Swamp.
 17034 | Lair:4   | Reached skill level 10 in Conjurations
 17277 | Lair:4   | Found a runed translucent door.
 17279 | Lair:4   | Noticed Hoiwu Muag's ghost (journeyman MiFi)
 17380 | Lair:4   | Found a hole to the Spider Nest.
 18610 | Lair:5   | Reached skill level 10 in Fighting
 18626 | Lair:5   | Found a staircase to the Slime Pits.
 18626 | Lair:5   | Found a viscous altar of Jiyva.
 19232 | Lair:6   | Entered Level 6 of the Lair of Beasts
 19512 | Lair:6   | Noticed Snorg
 19536 | Lair:6   | Killed Snorg
 19537 | Lair:6   | Reached XP level 14. HP: 104/110 MP: 21/21
 19565 | Lair:6   | Reached skill level 13 in Ice Magic
 20145 | Lair:6   | Reached skill level 14 in Ice Magic
 20915 | Lair:6   | Reached skill level 15 in Ice Magic
 21068 | Lair:6   | Learned a level 4 spell: Iskenderun's Mystic Blast
 21421 | D:11     | Reached skill level 1 in Translocations
 21631 | D:11     | Reached XP level 15. HP: 115/115 MP: 23/23
 22002 | D:12     | Found a staircase to the Orcish Mines.
 22034 | D:12     | Reached ****** piety under Vehumet
 22036 | D:12     | Offered knowledge of Fireball by Vehumet.
 23096 | D:13     | Found a gate to the Vaults.
 23990 | D:14     | Found a frozen archway.
 24050 | IceCv    | Entered an ice cave
 24333 | IceCv    | Learned a level 5 spell: Fireball
 25104 | IceCv    | Noticed an Ice Fiend
 25127 | IceCv    | Killed an Ice Fiend
 25295 | IceCv    | Got the Papyrus of the Snowflakes
 25334 | IceCv    | Identified the +9 spear of Somah {elec, Str+3 Int+7 Stlth+}
 26160 | D:14     | Offered knowledge of Conjure Ball Lightning by Vehumet.
 26190 | D:14     | Reached skill level 5 in Armour
 26408 | D:14     | Reached XP level 16. HP: 55/122 MP: 6/29
 26417 | D:14     | HP: 6/122 [skeletal warrior[a skeletal warrior] (12)]
 26808 | D:14     | Found an ancient bone altar of Kikubaaqudgha.
 26955 | D:14     | Found a portal to a secret trove of treasure.
 27067 | D:15     | Entered Level 15 of the Dungeon
 27769 | D:15     | Found Dask's Weapon Emporium.
 27816 | D:15     | Noticed Louise
 27820 | D:15     | Cast into level 2 of the Abyss (Louise)
 27843 | Abyss:2  | Learned a level 3 spell: Teleport Other
 27865 | Abyss:2  | Learned a level 7 spell: Orb of Destruction
 27878 | Abyss:2  | Found a stormy altar of Qazlal.
 28017 | Abyss:2  | Identified the +1 plate armour of the Hall of Blades {rElec
                  | rC+ Int+4 SInv}
 28061 | Abyss:2  | Noticed a tentacled starspawn
 28160 | Abyss:2  | Killed a tentacled starspawn
 28223 | Abyss:2  | Noticed a lich
 28234 | Abyss:2  | Killed a lich
 28345 | Abyss:3  | Noticed a tentacled starspawn
 28368 | Abyss:4  | Found a corrupted altar of Lugonu.
 28382 | D:15     | Escaped the Abyss
 28397 | D:15     | Killed Louise
 28679 | D:15     | Found a staircase to the Depths.
 28937 | D:15     | Found an ornate altar of the Wu Jian Council.
 29062 | Orc:1    | Entered Level 1 of the Orcish Mines
 29103 | Orc:1    | Offered knowledge of Eringya's Noxious Bog by Vehumet.
 29621 | Orc:1    | Identified the +1 rapier "Pesyjoet" {speed, Fly rElec rPois
                  | Int-5}
 29622 | Orc:1    | Identified the +4 short sword "Moseesch" {speed, rF+}
 29665 | Orc:1    | Identified the +9 shortbow "Qiucienk" {venom, rF+ rC+}
 30023 | Orc:1    | Found Hiud's Antique Weapon Shoppe.
 30269 | Orc:2    | Entered Level 2 of the Orcish Mines
 30283 | Orc:2    | Offered knowledge of Starburst by Vehumet.
 30441 | Orc:2    | Found a staircase to the Elven Halls.
 30782 | Orc:2    | Offered knowledge of Freezing Cloud by Vehumet.
 31100 | Orc:2    | Found Wiun's CLEARANCE SALE!.
 31187 | Orc:2    | Found Ahorghiu's Armour Shoppe.
 31375 | Orc:2    | Reached XP level 17. HP: 119/128 MP: 28/30
 31668 | Orc:2    | Found Kebokuc's Magic Scroll Emporium.
 31792 | Orc:2    | Found Tetyscho's Magic Scroll Emporium.
 31793 | Orc:2    | Found Beme's Book Shoppe.
 31793 | Orc:2    | Found Nutinn's General Store.
 31800 | Orc:2    | Bought a scroll of blinking for 82 gold pieces
 31800 | Orc:2    | Bought a scroll of teleportation for 33 gold pieces
 31800 | Orc:2    | Bought a scroll of teleportation for 33 gold pieces
 31800 | Orc:2    | Bought a scroll of teleportation for 33 gold pieces
 31803 | Orc:2    | Bought a scroll of blinking for 112 gold pieces
 31804 | Orc:2    | Bought a scroll of identify for 30 gold pieces
 31804 | Orc:2    | Bought a scroll of identify for 30 gold pieces
 31804 | Orc:2    | Bought a scroll of enchant armour for 112 gold pieces
 31804 | Orc:2    | Bought a scroll of identify for 30 gold pieces
 31804 | Orc:2    | Bought a scroll of identify for 30 gold pieces
 31804 | Orc:2    | Bought a scroll of enchant armour for 112 gold pieces
 31804 | Orc:2    | Bought a scroll of teleportation for 45 gold pieces
 31804 | Orc:2    | Bought a scroll of identify for 30 gold pieces
 31804 | Orc:2    | Bought a scroll of teleportation for 45 gold pieces
 31804 | Orc:2    | Bought a scroll of silence for 112 gold pieces
 32117 | Orc:2    | Bought a +2 helmet of see invisible for 365 gold pieces
 32117 | Orc:2    | Bought a +2 kite shield for 280 gold pieces
 32325 | Swamp:1  | Entered Level 1 of the Swamp
 33034 | Lair:4   | Paralysed by a hornet for 3 turns
 33663 | Swamp:1  | Reached skill level 5 in Shields
 34349 | Swamp:2  | Reached skill level 10 in Spellcasting
 34375 | Swamp:2  | Noticed a tentacled monstrosity
 34560 | Swamp:2  | Killed a tentacled monstrosity
 35190 | Swamp:2  | Identified the +1 leather armour "Reyj" {rF+ rN+ SInv}
 35474 | Swamp:2  | Learned a level 5 spell: Freezing Cloud
 36428 | Swamp:3  | Reached skill level 15 in Conjurations
 36545 | Swamp:3  | Offered knowledge of Iron Shot by Vehumet.
 37634 | Swamp:4  | Entered Level 4 of the Swamp
 37659 | Swamp:3  | Reached XP level 18. HP: 131/134 MP: 13/33
 38572 | Swamp:4  | Noticed the 27-headed Lernaean hydra
 39263 | Swamp:3  | Killed the 27-headed Lernaean hydra
 39456 | Swamp:4  | Reached skill level 16 in Ice Magic
 39672 | Swamp:4  | Got a decaying rune of Zot
 40152 | Spider:1 | Entered Level 1 of the Spider Nest
 40155 | Spider:1 | Noticed Mlioglotl
 40189 | Lair:4   | Killed Mlioglotl
 40956 | Spider:2 | Offered knowledge of Lehudib's Crystal Spear by Vehumet.
 40956 | Spider:2 | Offered knowledge of Shatter by Vehumet.
 40956 | Spider:2 | Offered knowledge of Maxwell's Capacitive Coupling by
                  | Vehumet.
 41906 | Spider:2 | Reached skill level 17 in Ice Magic
 42742 | Spider:2 | Reached XP level 19. HP: 140/140 MP: 31/35
 43358 | Spider:3 | Learned a level 9 spell: Polar Vortex
 43995 | Spider:4 | Entered Level 4 of the Spider Nest
 45090 | Spider:4 | Reached skill level 10 in Shields
 45104 | Spider:4 | Reached skill level 18 in Ice Magic
 45530 | Spider:4 | Got a gossamer rune of Zot
 45750 | Lair:4   | Killed Hoiwu Muag's ghost
 46175 | Vaults:1 | Entered Level 1 of the Vaults
 47037 | Elf:1    | Entered Level 1 of the Elven Halls
 47547 | Elf:1    | Noticed Frances
 47560 | Elf:1    | Killed Frances
 47657 | Elf:1    | Reached skill level 19 in Ice Magic
 47721 | Elf:1    | Reached XP level 20. HP: 133/147 MP: 7/37
 47733 | Elf:1    | Found a magical portal.
 47742 | WizLab   | Entered Zonguldrok's Shrine
 48319 | WizLab   | Noticed an antique lich
 48329 | WizLab   | Killed an antique lich
 48391 | WizLab   | Found the +9 sword of Zonguldrok {reap}
 48581 | Elf:1    | Got Vehumet's Disquisition on Attacks
 49640 | Depths:1 | Entered Level 1 of the Depths
 49710 | Depths:1 | Noticed Aizul
 49730 | Depths:1 | Killed Aizul
 50168 | Depths:1 | Found a gateway to Hell.
 50464 | Depths:1 | Reached skill level 20 in Ice Magic
 52249 | Depths:2 | Paralysed by a great orb of eyes for 2 turns
 52414 | Depths:2 | Reached skill level 21 in Ice Magic
 53218 | Depths:2 | Reached XP level 21. HP: 61/153 MP: 30/38
 53543 | Depths:2 | Noticed Nikola
 54073 | Depths:2 | Noticed a juggernaut
 54080 | Depths:1 | Paralysed by a vampire knight for 5 turns
 54560 | Depths:2 | Killed Nikola
 54561 | Depths:2 | Reached skill level 22 in Ice Magic
 57422 | Vaults:2 | Identified a scroll of acquirement
 57454 | Vaults:2 | Acquired a staff of conjuration
 57596 | Vaults:2 | Found Xugum's Distillery.
 57604 | Vaults:2 | Bought a potion of might for 68 gold pieces
 57604 | Vaults:2 | Bought a potion of magic for 136 gold pieces
 57604 | Vaults:2 | Bought a potion of heal wounds for 85 gold pieces
 57604 | Vaults:2 | Bought a potion of curing for 51 gold pieces
 57604 | Vaults:2 | Bought a potion of curing for 51 gold pieces
 57604 | Vaults:2 | Bought a potion of heal wounds for 85 gold pieces
 57604 | Vaults:2 | Bought a potion of might for 68 gold pieces
 57604 | Vaults:2 | Bought a potion of heal wounds for 85 gold pieces
 57604 | Vaults:2 | Bought a potion of heal wounds for 85 gold pieces
 57694 | Vaults:2 | Reached skill level 23 in Ice Magic
 58157 | Vaults:2 | Identified the +7 mace of Byjuf {venom, rPois}
 58340 | Vaults:2 | Found a staircase to the Crypt.
 58644 | Vaults:2 | Noticed a dread lich
 58662 | Vaults:2 | Killed a dread lich
 59499 | Vaults:2 | Reached XP level 22. HP: 144/159 MP: 14/39
 59674 | Vaults:2 | Reached skill level 24 in Ice Magic
 61443 | Vaults:3 | Reached skill level 25 in Ice Magic
 61777 | Vaults:3 | Found Wiuthrou's Weapon Shoppe.
 63601 | Vaults:4 | Reached skill level 15 in Dodging
 63803 | Vaults:4 | Reached XP level 23. HP: 165/165 MP: 25/40
 64290 | Vaults:4 | Reached skill level 26 in Ice Magic
 65116 | Vaults:5 | Entered Level 5 of the Vaults
 65583 | Vaults:5 | Noticed an ancient lich
 65606 | Vaults:5 | Killed an ancient lich
 65753 | Vaults:5 | Noticed a golden dragon
 65902 | Vaults:5 | Killed a golden dragon
 66041 | Vaults:5 | Reached skill level 27 in Ice Magic
 66070 | Vaults:5 | Noticed Margery
 66204 | Vaults:5 | Identified the ring "Biuwuff" {rN+ rCorr Str+2}
 66207 | Vaults:5 | Killed Margery
 66716 | Vaults:4 | Reached XP level 24. HP: 75/172 MP: 13/40
 67191 | Vaults:5 | Noticed Sojobo
 67203 | Vaults:5 | Paralysed by an air elemental for 1 turns
 67210 | Vaults:5 | Killed Sojobo
 67338 | Vaults:5 | Got the Almanac of Transformation
 67440 | Vaults:5 | Killed from afar by a tengu reaver

Illustrated notes

Levels and vault maps discovered:
D:1:      mrwooster_arrival_statue_2, layout_basic, serial_co_window_serial,
          co_window_paths_b, co_window_corner_a, co_window_corner_a,
          co_window_of_opportunity_a, co_window_paths_a, co_window_broadway_a,
          co_window_unsneaky_path_c, co_window_corner_b, glass_columns_b,
          glass_columns_a, glass_columns_b, glass_columns_a
D:2:      layout_basic, serial_shops, nicolae_shop_stone,
          hellmonk_ecumenical_altar_slurped_away
D:3:      layout_rooms, old_standard_altar, nicolae_vehumet_radiance,
          mainiacjoe_overflow_tiny_flanked, mainiacjoe_overflow_brackets,
          serial_undead, serial_undead_c, serial_undead_c, serial_undead_a,
          serial_undead_c, serial_undead_e, serial_undead_e,
          gammafunk_ghost_cemetery, grunt_decor_fettered, uniq_sigmund
D:4:      layout_gridville, mainiacjoe_overflow_cross_hatched
D:5:      layout_gridville, beargit_hepliaklqana_dungeon_heroes
D:6:      layout_rooms, uniq_pikel
D:7:      layout_cave_pools, minmay_temple_entry_trees, minmay_misc_feat_tiny,
          uniq_duvessa
D:8:      layout_rooms, fedhas_ov_isle_minmay, gammafunk_temple_overflow_statue
D:9:      layout_irregular_city, tso_altar, nicolae_ru_path_of_blood,
          trog_three_pillars_becter
D:10:     layout_irregular_city, mainiacjoe_overflow_concentric_impassable,
          uniq_sonja
D:11:     minmay_ice_pillars, layout_gridville, grunt_lair_entry_orc_guard_hut
D:12:     layout_cave_pods, david_orc_5
D:13:     layout_basic, skrybe_vaults_entry_preservation
D:14:     layout_basic, enter_trove_6, portal_ice_cave_entry_frozen_things,
          minmay_misc_feat_room, hangedman_abyss_or_decor_passed,
          kennysheep_vampire_church
D:15:     grunt_enter_depths_magical_seal, layout_loops_ring, serial_shops,
          nicolae_shop_statue_plus, nicolae_lava_and_water,
          nicolae_wu_jian_immortal_techniques, uniq_louise
Lair:1:   layout_gridlike, lemuel_fruit_tree, uniq_harold
Lair:2:   layout_roguey
Lair:3:   layout_long_grid, gammafunk_ghost_abyssal_escape
Lair:4:   layout_regular_city, swamp_mist_pool, spider_nest_entry_webs,
          ebering_ghost_inner_flame, grunt_megastairs_2
Lair:5:   layout_concentric_octagons, slime_altar_1, serial_bayou_pond_c,
          minmay_hedge_maze, grunt_megastairs_5, serial_bayou_shore_b
Lair:6:   grunt_lair_end_beastmaster, layout_cellular_growth, uniq_snorg
Swamp:1:  nicolae_swamp_wrong_neighborhood, layout_falls_marsh,
          nicolae_swamp_fairy_circle, swamp_pool4, nicolae_swamp_triple_paths
Swamp:2:  layout_basic_swamp, evilmike_swamp_ruin_house_5, swamp_pool3,
          nicolae_swamp_big_swirl, infiniplex_staircase_pool
Swamp:3:  nzn_winding_woodlands_small [nzn_winding_woodlands_5x15_sawtooth,
          nzn_winding_woodlands_center_lodge, nzn_winding_woodlands_5x15_twine],
          layout_falls_marsh, nicolae_swamp_little_swirl, swamp_pool1,
          nicolae_swamp_oklob_treasure_island
Swamp:4:  swamp_alternative, layout_basic_swamp
Spider:1: layout_spider_delve, drop_trap, uniq_mlioglotl
Spider:2: nicolae_spider_hilbert_zone_1 [nicolae_spider_hilbert_4_sides_1_open,
          nicolae_spider_hilbert_4_sides_1_open,
          nicolae_spider_hilbert_4_sides_1_open,
          nicolae_spider_hilbert_4_sides_1_open,
          nicolae_spider_hilbert_3_sides_1_open,
          nicolae_spider_hilbert_3_sides_1_open,
          nicolae_spider_hilbert_3_sides_1_open,
          nicolae_spider_hilbert_3_sides_1_open,
          nicolae_spider_hilbert_3_sides_1_open,
          nicolae_spider_hilbert_6_sides_1_open,
          nicolae_spider_hilbert_6_sides_1_open,
          nicolae_spider_hilbert_3_sides_1_open,
          nicolae_spider_hilbert_3_sides_1_open,
          nicolae_spider_hilbert_3_sides_1_open,
          nicolae_spider_hilbert_3_sides_1_open,
          nicolae_spider_hilbert_2_sides_1_open]
Spider:3: layout_spider_delve, drop_trap, hangedman_spider_tarantella_strand
Spider:4: grunt_spider_rune_parallel, nicolae_spider_webs_and_nodes
Orc:1:    giant_chief_lemuel, layout_caves, serial_shops, nicolae_lakefront_shop
Orc:2:    st_orc_pillars, layout_diamond_mine, serial_shops, shop,
          nicolae_shop_clearance
Elf:1:    layout_onion_city, mu_enter_wizlab_5, minmay_elf_annihilation,
          minmay_curled_crystal, uniq_frances
Vaults:1: v_rooms_5, ontoclasm_vaults_idyll, ontoclasm_vaults_shuriken,
          v_misc_15, st_lattice, nicolae_vaults_theta,
          nicolae_vaults_little_squares_4, vaults_room_door_ring,
          layout_vaults_omnigrid
Vaults:2: minmay_crypt_entry_simple_sparse, nicolae_vaults_shelves_hall,
          nicolae_vaults_diagonal_hallway_7,
          hangedman_vaults_stretched_pinwheel, grunt_vaults_bifocal,
          nicolae_vaults_network_quinsquares
          [nicolae_vaults_network_quincunx_subvault,
          nicolae_vaults_network_quincunx_subvault,
          nicolae_vaults_network_quincunx_subvault,
          nicolae_vaults_network_quincunx_subvault], vaults_mumra_hex,
          v_misc_27, vaults_room_octagon, hangedman_vaults_variations,
          ontoclasm_vaults_fault, nicolae_vaults_mini_display_case,
          ontoclasm_vaults_ring_square, v_misc_16, ontoclasm_vaults_twist,
          hangedman_vaults_cutoff, vaults_room_pools, vaults_dpeg_diagonal,
          layout_vaults_ring, serial_shops, nicolae_shop_stone
Vaults:3: nicolae_vaults_sealed_display, nicolae_vaults_circle_grid_a,
          nicolae_vaults_ring_of_whatevers, grunt_vaults_diagonal,
          hangedman_vaults_stream, v_misc_9, ontoclasm_vaults_ring_large,
          ontoclasm_vaults_echo, ontoclasm_vaults_spin, vaults_room_semicircle,
          hangedman_vaults_stagger, vaults_room_stairs_pillars, v_misc_30,
          ontoclasm_vaults_gateway, ontoclasm_vaults_loading_screen,
          layout_vaults_omnicross, serial_shops, nicolae_diamond_shop
Vaults:4: grunt_vaults_funnel, hangedman_vaults_corner,
          hangedman_vaults_stretched_pinwheel, v_pattern_2,
          nicolae_vaults_network_square, nicolae_vaults_arrows,
          nicolae_vaults_holding_cells, vaults_dpeg_hooks,
          nicolae_vaults_alarming, vaults_room_hallway, vaults_room_grid,
          layout_vaults_maze_bifur
Vaults:5: uniq_margery, uniq_sojobo
Depths:1: layout_basic, bh_walls_and_bars, hell_entry,
          kennysheep_generic_room_5, roderic_lattice_octagonal_star, uniq_aizul
Depths:2: nooodl_heptagram, layout_basic, minmay_misc_feat_five,
          hangedman_tar_grid_catacomb, uniq_nikola

Skill      XL: |  1  2  3  4  5  6  7  8  9 10 11 12 13 14 15 16 17 18 19 20 21 22 23 24 |
---------------+-------------------------------------------------------------------------+-----
Ice Magic      | 5 6 7 9 11 12 15 17 19 21 23 25 27 | 27.0
Short Blades   | 1 3 4 5 9 10 | 10.0
Shields        | 3 4 6 9 11 | 11.9
Dodging        | 9 11 14 15 17 18 | 18.0
Spellcasting   | 5 9 11 12 13 | 13.0
Fighting       | 4 8 10 | 10.8
Conjurations   | 5 8 10 11 14 15 | 15.2
Armour         | 2 5 |  5.0
Translocations | 1 4 |  4.0
Stealth        | |  2.1

Action                   |  1- 3 |  4- 6 |  7- 9 | 10-12 | 13-15 | 16-18 | 19-21 | 22-24 || total
-------------------------+-------+-------+-------+-------+-------+-------+-------+-------++-------
Melee: Dagger            |     9 |    17 |   142 |   540 |  1087 |   916 |   798 |   232 ||  3741
       Unarmed           |     1 |       |    20 |       |       |       |       |       ||    21
       Short sword       |       |   149 |    34 |       |       |       |       |       ||   183
       Tailslap          |       |       |       |     6 |    19 |    13 |    11 |       ||    49
       Staff             |       |       |       |       |       |       |     7 |     8 ||    15
       Double sword      |       |       |       |       |       |       |    16 |       ||    16
 Cast: Freeze            |    55 |    56 |    78 |    19 |    74 |     6 |       |       ||   288
       Ozocubu's Armour  |       |    15 |    36 |    64 |    88 |    50 |    48 |    17 ||   318
       Frozen Ramparts   |       |     3 |    20 |    52 |    89 |    56 |    76 |    18 ||   314
       Hailstorm         |       |       |       |     6 |    44 |     5 |       |       ||    55
       Mephitic Cloud    |       |       |       |     1 |       |     1 |       |     1 ||     3
       Iskenderun's Myst |       |       |       |       |    59 |   164 |    88 |     8 ||   319
       Fireball          |       |       |       |       |    42 |    28 |    12 |    28 ||   110
       Orb of Destructio |       |       |       |       |       |   187 |   119 |   146 ||   452
       Freezing Cloud    |       |       |       |       |       |    53 |   257 |    47 ||   357
       Teleport Other    |       |       |       |       |       |     2 |       |       ||     2
       Polar Vortex      |       |       |       |       |       |       |     6 |    35 ||    41
Evoke: Wand              |       |       |       |       |    15 |       |       |     2 ||    17
  Use: Scroll            |       |     3 |    11 |    11 |    12 |     9 |    12 |     5 ||    63
       Potion            |       |       |       |     2 |     5 |     1 |     2 |     8 ||    18
 Stab: Sleeping          |     4 |     2 |     2 |     1 |     1 |       |       |       ||    10
       Distracted        |       |       |     1 |       |     1 |     2 |     1 |       ||     5
       Confused          |       |       |     3 |       |       |       |       |       ||     3
Armor: Robe              |    10 |    69 |    66 |    36 |       |       |       |       ||   181
       Skin              |       |       |     4 |       |       |       |       |       ||     4
       Troll leather arm |       |       |       |    38 |   190 |   296 |   231 |    56 ||   811
Dodge: Dodged            |    33 |   117 |   123 |   228 |   508 |   550 |   426 |   182 ||  2167
Block: Other             |       |    33 |    46 |     1 |       |       |       |       ||    80
       Reflection        |       |     1 |     2 |    10 |     7 |    17 |    45 |    38 ||   120
       Buckler           |       |       |       |   161 |   334 |   392 |   482 |   187 ||  1556

Table legend: (Time is in decaauts)
 A = Elapsed time spent in this place.
 B = Non-inter-level travel time spent in this place.
 C = Inter-level travel time spent in this place.
 D = Time resting spent in this place.
 E = Time spent auto-exploring this place.
 F = Levels seen in this place.
 G = Mean time per level.
                   A        B        C        D        E       F      G
               +--------+--------+--------+--------+--------+-----+--------+
         Total |  65186 |  61738 |   3448 |  24559 |  23015 |  44 | 1481.5 |
       Dungeon |  19333 |  17815 |   1518 |   6128 |   7134 |  15 | 1288.9 |
          Lair |   7875 |   7364 |    511 |   1263 |   4173 |   6 | 1312.5 |
         Swamp |   7172 |   6875 |    297 |   3713 |   2124 |   4 | 1793.0 |
   Spider Nest |   5156 |   5066 |     90 |   1970 |   2195 |   4 | 1289.0 |
  Orcish Mines |   3076 |   2836 |    240 |    747 |   1392 |   2 | 1538.0 |
   Elven Halls |   1690 |   1643 |     47 |    482 |    848 |   1 | 1690.0 |
        Vaults |  12975 |  12543 |    432 |   6253 |   3822 |   5 | 2595.0 |
        Depths |   5024 |   4714 |    310 |   2798 |    964 |   2 | 2512.0 |
         Abyss |    483 |    483 |      0 |     40 |      5 |   3 |  161.0 |
      Ice Cave |   1728 |   1728 |      0 |    914 |    299 |   1 | 1728.0 |
        Wizlab |    671 |    671 |      0 |    249 |     56 |   1 |  671.0 |
               +--------+--------+--------+--------+--------+-----+--------+

Top non-repeatable levels by time:
Vaults:4: 3368 daAuts
Depths:1: 3226 daAuts
Vaults:1: 3097 daAuts
Vaults:2: 3049 daAuts
 Swamp:3: 2898 daAuts
Vaults:3: 2318 daAuts
 Swamp:1: 2011 daAuts
  Lair:4: 1989 daAuts
  Lair:6: 1847 daAuts
Spider:2: 1844 daAuts
Depths:2: 1798 daAuts
   IceCv: 1728 daAuts
   Orc:2: 1705 daAuts
   Elf:1: 1690 daAuts
     D:4: 1623 daAuts
